 Dungeon Crawl Stone Soup version 0.30-a0-959-g3818848631 (webtiles) character file.

Game seed: 8008043166688846918

401 CrazyBamboolord the Chopper (level 6, -2/56 HPs)
             Began as a Minotaur Fighter on Mar 30, 2023.
             Slain by Natasha (3 damage)
             ... on level 4 of the Dungeon.
             The game lasted 00:06:30 (2506 turns).

CrazyBamboolord the Chopper (Minotaur Fighter)      Turns: 2506, Time: 00:06:31

Health: -2/56      AC:  0    Str: 22    XL:     6   Next: 54%
Magic:  0/5        EV: 14    Int:  5    God:
Gold:   133        SH:  4    Dex: 10    Spells: 5/5 levels left

rFire   . . .      SeeInvis .    a - +0 war axe
rCold   + . .      Faith    .    c - +0 buckler
rNeg    . . .      Spirit   .    v - +0 scale mail {rC+}
rPois   .          Reflect  .    (helmet restricted)
rElec   .          Rampage  .    (no cloak)
rCorr   .                        (no gloves)
Will    .....                    (no boots) Stlth
                                 (no amulet)
HPRegen 0.29/turn                i - +5 ring of evasion
MPRegen 0.09/turn                (no ring)

@: corroded
A: horns 2, retaliatory headbutt
a: no special abilities


You were on level 4 of the Dungeon.
You visited 1 branch of the dungeon, and saw 4 of its levels.

You collected 133 gold pieces.

Inventory:

Hand Weapons
 a - a +0 war axe (weapon)
Armour
 c - a +0 buckler (worn)
 v - a +0 scale mail of cold resistance (worn)
Jewellery
 i - a +5 ring of evasion (left hand)
Wands
 u - a wand of mindburst (13)
Scrolls
 b - a scroll of enchant weapon {unknown}
 e - a scroll of fear
 h - a scroll of identify {unknown}
 m - a scroll of magic mapping {unknown}
 r - a scroll of amnesia
 s - a scroll of immolation {unknown}
 t - a scroll of torment {unknown}
Potions
 d - a potion of might
 f - a potion of mutation {unknown}
 g - 2 potions of curing
 j - a potion of cancellation {unknown}
 k - a potion of degeneration {unknown}
 l - a potion of heal wounds {unknown}
 n - a potion of ambrosia {unknown}
 o - 2 potions of brilliance {unknown}
 p - a potion of experience {unknown}
 q - a potion of attraction {unknown}


   Skills:
 * Level 5.1 Fighting
 * Level 5.5 Axes
 * Level 5.3 Armour
 + Level 1.0 Dodging
 * Level 4.8 Shields


You had 5 spell levels left.
You didn't know any spells.
Your spell library was empty.

Dungeon Overview and Level Annotations

Branches:
Dungeon (4/15)
 Temple: D:4-7

Altars:
Dithmenos
Kikubaaqudgha
The Shining One

Annotations:
D:4 Dowan, Duvessa, Natasha


Innate Abilities, Weirdness & Mutations

You have a pair of horns on your head.
You reflexively headbutt those who attack you in melee.


Message History

Dowan hits you with a +0 dagger. Dowan attacks as you move away!
You block Dowan's attack. Dowan casts a spell at you.
The puff of frost hits you. You resist.
Items here: )))) [ ††.
Dowan casts a spell at you.
The puff of flame hits you but does no damage.
Duvessa, Sister of Dowan comes into view.
She is wielding a +0 antimagic rapier and carrying a wand of acid (7).
Duvessa shouts!
Dowan gestures at you while chanting. The puff of flame hits you.
Dowan smirks and points a slender finger.
Dowan casts a spell.
Dowan blinks!
Duvessa zaps a wand.
The bolt of acid hits you. The acid corrodes you!
Natasha, Servant of Life and Death comes into view.
Natasha hisses angrily.
Duvessa zaps a wand.
The bolt of acid misses you.
Duvessa hits you with a +0 antimagic rapier.
You feel your power leaking away.
You hit Duvessa but do no damage. You headbutt Duvessa, but do no damage.
Duvessa hits you with a +0 antimagic rapier.
You feel your power leaking away.
Duvessa hits you with a +0 antimagic rapier!
You feel your power leaking away. Natasha closely misses you.
You hit Duvessa. You headbutt Duvessa.
Duvessa is moderately wounded.
You closely miss Natasha.
Duvessa hits you with a +0 antimagic rapier!
Natasha claws you.
You hit Duvessa but do no damage. Your headbutt misses Duvessa.
Duvessa is moderately wounded.
You slash Natasha!
Dowan points at you and mumbles some strange words.
The puff of flame misses you.
The puff of flame misses Natasha.
Duvessa zaps a wand.
The bolt of acid hits you!!
* * * LOW HITPOINT WARNING * * *
The acid corrodes you! Natasha claws you.
You die...

######### #.......#
#.......#############
#.........e.........#
####)######.....@h..#
#..## #......e..#
##..# #..........#
##<# #.########....
#.# #. .#... ..# #. #
.. #... .. . ##.# #..


You could see Duvessa, Dowan and Natasha.

Vanquished Creatures
  A scorpion (D:4)
  A hound (D:3)
  3 orc priests
  Natasha (D:4)
  Jessica (D:2)
  Ijyb (D:3)
  An orc wizard (D:3)
  3 gnolls (D:2)
  2 adders (D:2)
  3 worms (D:3)
  4 orcs
  5 endoplasms
  3 giant cockroaches
  5 goblins
  6 hobgoblins
  4 quokkas
  3 ball pythons
  7 bats
  3 frilled lizards
  4 kobolds (D:1)
  7 rats
68 creatures vanquished.

Vanquished Creatures (others)
  A human (D:3)
1 creature vanquished.

Grand Total: 69 creatures vanquished

Notes
Turn   | Place    | Note
-------+----------+-------------------------------------------
     0 | D:1      | CrazyBamboolord the Minotaur Fighter began the quest for
                  | the Orb.
     0 | D:1      | Reached XP level 1. HP: 19/19 MP: 0/0
     2 | D:1      | Noticed a minotaur
     2 | D:1      | Noticed a vine stalker
     4 | D:1      | Noticed a draconian
     6 | D:1      | Noticed a demonspawn
     6 | D:1      | Noticed an ogre
     8 | D:1      | Noticed an octopode
    10 | D:1      | Noticed a troll
    10 | D:1      | Noticed a meteoran
    12 | D:1      | Noticed a gargoyle
    14 | D:1      | Noticed a formicid
    14 | D:1      | Noticed a demigod
    16 | D:1      | Noticed a naga
    16 | D:1      | Noticed a human
    18 | D:1      | Noticed a vampire
    18 | D:1      | Noticed a spriggan
    20 | D:1      | Noticed a ghoul
    20 | D:1      | Noticed an elf
    22 | D:1      | Noticed a felid
    22 | D:1      | Noticed a merfolk
    24 | D:1      | Noticed an armataur
    24 | D:1      | Noticed a draconian
    26 | D:1      | Noticed a gargoyle
   270 | D:1      | Reached XP level 2. HP: 27/27 MP: 1/1
   756 | D:2      | Reached XP level 3. HP: 32/33 MP: 2/2
   840 | D:2      | Reached XP level 4. HP: 22/41 MP: 3/3
   961 | D:2      | Noticed Jessica
   967 | D:2      | Killed Jessica
  1331 | D:3      | Reached XP level 5. HP: 22/47 MP: 4/4
  1615 | D:3      | Found a faded altar of an unknown god.
  1749 | D:3      | Noticed Ijyb
  1754 | D:3      | Killed Ijyb
  1755 | D:3      | Reached skill level 5 in Fighting
  2080 | D:3      | Found a shadowy altar of Dithmenos.
  2119 | D:3      | Found a faded altar of an unknown god.
  2123 | D:3      | Found a glowing golden altar of the Shining One.
  2190 | D:3      | Found an ancient bone altar of Kikubaaqudgha.
  2193 | D:3      | Noticed a human
  2198 | D:3      | Killed a human
  2267 | D:4      | Reached skill level 5 in Axes
  2267 | D:4      | Reached skill level 5 in Armour
  2267 | D:4      | Reached XP level 6. HP: 45/56 MP: 5/5
  2330 | D:4      | Noticed Natasha
  2332 | D:4      | Noticed Dowan
  2401 | D:4      | Killed Natasha
  2405 | D:4      | Reached skill level 1 in Dodging
  2499 | D:4      | Noticed Duvessa
  2501 | D:4      | Noticed Natasha
  2506 | D:4      | HP: 1/56 [Duvessa/bolt of acid (18)]
  2506 | D:4      | Slain by Natasha

Illustrated notes

Levels and vault maps discovered:
D:1:      kb_arrival_jail, layout_basic
D:2:      layout_basic, uniq_jessica
D:3:      layout_loops_ring, nicolae_overflow_ecumenical_swirl,
          tgw_kikubaaqudgha, nicolae_overflow_hidden_temple,
          ebering_ecumenical_altar_rust, palyth_stone_intersect,
          serial_bayou_crossing, uniq_ijyb
D:4:      layout_rooms, vehumet_statue, serial_undead, serial_undead_c,
          serial_undead_f, serial_undead_f, serial_undead_e, serial_undead_c,
          serial_undead_d, uniq_duvessa, uniq_natasha

Skill      XL: |  1  2  3  4  5  6 |
---------------+-------------------+-----
Fighting       | 4 5 |  5.1
Armour         | 4 5 |  5.3
Shields        | 4 |  4.8
Axes           | 3 4 5 |  5.5
Dodging        | 1 |  1.0

Action                     |  1- 3 |  4- 6 || total
---------------------------+-------+-------++-------
  Melee: War axe           |    59 |    86 ||   145
         Headbutt          |     3 |    17 ||    20
    Use: Scroll            |       |     2 ||     2
 Armour: Scale mail        |    17 |    36 ||    53
  Dodge: Dodged            |    41 |    58 ||    99
  Block: Buckler           |    21 |    20 ||    41

Table legend: (Time is in decaauts)
 A = Elapsed time spent in this place.
 B = Non-inter-level travel time spent in this place.
 C = Inter-level travel time spent in this place.
 D = Time resting spent in this place.
 E = Time spent auto-exploring this place.
 F = Levels seen in this place.
 G = Mean time per level.
                   A        B        C        D        E       F      G
               +--------+--------+--------+--------+--------+-----+--------+
         Total |   2575 |   2474 |    101 |    116 |   1816 |   4 |  643.8 |
       Dungeon |   2575 |   2474 |    101 |    116 |   1816 |   4 |  643.8 |
               +--------+--------+--------+--------+--------+-----+--------+

Top non-repeatable levels by time:
     D:3: 1191 daAuts
     D:1: 734 daAuts
     D:2: 517 daAuts
     D:4: 133 daAuts
